 Dungeon Crawl Stone Soup version 0.21.1-1-g345015fe64 (webtiles) character file.

46 Infernal116 the Slasher (level 3, 0/27 HPs)
             Began as a Demonspawn Gladiator on July 1, 2018.
             Slain by a rat (1 damage)
             ... on level 2 of the Dungeon.
             The game lasted 00:05:37 (673 turns).

Infernal116 the Slasher (Demonspawn Gladiator)       Turns: 673, Time: 00:05:38

Health: 0/27       AC:  4    Str: 15    XL:     3   Next: 46%
Magic:  0/3        EV: 14    Int:  9    God:
Gold:   59         SH:  0    Dex: 14    Spells: 2/2 levels left

rFire    . . .     SeeInvis .   a - +0 long sword
rCold    . . .     Gourm    .   (no shield)
rNeg     . . .     Faith    .   b - +0 leather armour
rPois    .         Spirit   +   c - +0 helmet
rElec    .         Reflect  .   (no cloak)
rCorr    .         Harm     .   (no gloves)
MR       .....                  (no boots)
Stlth    +.........             (no amulet)
HPRegen  0.09/turn              (no ring)
MPRegen  0.08/turn              (no ring)

@: drained
A: repulsion field 1, magic shield
a: no special abilities


You were on level 2 of the Dungeon.
You were not hungry.

You visited 1 branch of the dungeon, and saw 2 of its levels.

You collected 59 gold pieces.

Inventory:

Hand Weapons
 a - a +0 long sword (weapon)
Missiles
 d - 3 throwing nets (quivered)
Armour
 b - a +0 leather armour (worn)
 c - a +0 helmet (worn)
Scrolls
 e - 6 scrolls of identify {unknown}
 g - 2 scrolls of magic mapping {unknown}
Potions
 h - a potion of agility {unknown}
Comestibles
 f - 3 rations


   Skills:
 + Level 2.2(1.5) Fighting
 + Level 3.4(2.8) Long Blades
 + Level 2.1(1.4) Throwing
 + Level 0.3(0.0) Armour
 + Level 3.0(2.3) Dodging
 + Level 0.2(0.0) Stealth


You had 2 spell levels left.
You didn't know any spells.

Dungeon Overview and Level Annotations

Branches:
Dungeon (2/15)

Altars:


Innate Abilities, Weirdness & Mutations

You are surrounded by a mild repulsion field. (EV +2)
When hurt, damage is shared between your health and your magic reserves.


Message History

The rat misses you. The bat closely misses you.
You riposte.
You hit the bat but do no damage.
The quokka bites you but does no damage.
The rat bites you but does no damage.
You see here a kobold corpse.
You closely miss the bat. The bat hits you but does no damage.
The quokka bites you.
* * * LOW HITPOINT WARNING * * *
The quokka barely misses you. The rat bites you but does no damage.
The quokka closely misses you. The bat hits you.
* * * LOW HITPOINT WARNING * * *
The rat completely misses you.
You closely miss the bat. The bat closely misses you.
The quokka completely misses you. The rat bites you.
The quokka bites you but does no damage.
The quokka closely misses you. The bat completely misses you.
You slash the quokka!
You kill the quokka!
The bat hits you but does no damage. The rat bites you.
You die...

..#.# #........#. ..#.#
#.........#.........#.#
(#+#.........#......##.#.#
#........8...#(....#.#.#.#
.......8...8###.....##.#.#
............#.....# #.#.#
.#.#.........#.....###†#.#
........†@..#.#.....##....
.......)r............'....
##......b...#.#.....###.>.
#...........#.....## ##..
#...........#.....# #..
##....8...8###.....####..
#......8...#.....#.#....
###........#......##.#.#
#........#............


You could see a bat and a rat.

Vanquished Creatures
  A dart slug (D:1)
  2 leopard geckos (D:1)
  4 bats
  A giant cockroach (D:1)
  8 goblins
  A hobgoblin (D:1)
  4 jackals (D:1)
  6 kobolds
  A quokka (D:2)
  2 ball pythons (D:1)
  3 frilled lizards
  5 rats (D:1)
38 creatures vanquished.

Notes
Turn   | Place    | Note
-------+----------+-------------------------------------------
     0 | D:1      | Infernal116 the Demonspawn Gladiator began the quest for the Orb.
     0 | D:1      | Reached XP level 1. HP: 16/16 MP: 1/1
    42 | D:1      | Gained mutation: You are surrounded by a mild repulsion field. (EV +2) [demonic ancestry]
    42 | D:1      | Reached XP level 2. HP: 17/22 MP: 2/2
   321 | D:1      | Gained mutation: When hurt, damage is shared between your health and your magic reserves. [demonic ancestry]
   321 | D:1      | Reached XP level 3. HP: 8/27 MP: 3/3
   670 | D:2      | HP: 1/27 [bat (1)]
   673 | D:2      | Slain by a rat

Skill      XL: |  1  2  3 |
---------------+----------+-----
Long Blades    | 3 |  3.4
Throwing       | 2 |  2.1
Dodging        | 3 |  3.0
Fighting       | |  2.2
Armour         | |  0.3
Stealth        | |  0.2

Action                   || total
-------------------------++-------
Melee: Long sword        ||    77
 Stab: Sleeping          ||     1
Armor: Leather armour    ||    50
Dodge: Dodged            ||   119
       Rpst.: Long sword ||    37
